 Dungeon Crawl Stone Soup version 0.30.1 (webtiles) character file.

Game seed: 14379595249353507196

9524 oldmanjim the Grappler (level 11, -2/135 HPs)
             Began as an Ogre Transmuter on July 8, 2023.
             Was a High Priest of Okawaru.
             Slain by a centaur warrior (6 damage)
             ... on level 9 of the Dungeon on July 10, 2023.
             The game lasted 00:59:18 (12187 turns).

oldmanjim the Grappler (Ogre Transmuter)           Turns: 12187, Time: 00:59:18

Health: -2/135     AC:  7    Str: 16    XL:     11   Next: 47%
Magic:  0/20       EV: 10    Int: 18    God:    Okawaru [*****.]
Gold:   551        SH:  0    Dex:  9    Spells: 10/23 levels left

rFire   . .          .
                       - Unarmed
rCold   + + +        (shield currently unavailable)
rNeg    . . .        a - melded +0 robe
rPois   +            (helmet currently unavailable)
rElec   .            F - melded +0 cloak
rCorr   .            (gloves unavailable)
SInv    .            (boots unavailable)
Will    +....        C - amulet of guardian spirit
Stlth   +            v - ring of protection from fire
HPRegen 0.42/turn    A - ring of wizardry
MPRegen 0.17/turn

%: guardian spirit, wizardry (x1)
@: ice-form
A: freezing attack, amphibious, boosted hp, large, unfitting armour, (tough skin
1)
a: End Transformation, Renounce Religion, Heroism, Finesse, Duel


You were on level 9 of the Dungeon.
You worshipped Okawaru.
Okawaru was extremely pleased with you.
You were a creature of crystalline ice.
You visited 2 branches of the dungeon, and saw 10 of its levels.

You collected 597 gold pieces.
You spent 46 gold pieces at shops.

Inventory:

Missiles
 c - 64 stones
 d - 3 curare-tipped darts (quivered)
 i - 2 throwing nets
 r - 15 poisoned darts
 y - 8 boomerangs
 J - 3 javelins
Armour
 a - a +0 robe (melded)
 m - a +0 tower shield
 F - a +0 cloak (melded)
Jewellery
 v - a ring of protection from fire (left front paw)
 A - a ring of wizardry (right front paw)
 C - an amulet of guardian spirit (around neck)
 D - a +4 ring of protection
 N - a ring of poison resistance
 Q - a ring of fire
Wands
 s - a wand of iceblast (4)
 G - a wand of mindburst (7)
 M - a wand of light (2)
Scrolls
 e - 2 scrolls of fog
 f - 4 scrolls of teleportation
 g - a scroll of magic mapping
 j - a scroll of amnesia
 k - 5 scrolls of blinking
 l - 4 scrolls of enchant armour
 o - a scroll of silence {unknown}
 q - a scroll of brand weapon {unknown}
 B - a scroll of vulnerability {unknown}
 E - 2 scrolls of enchant weapon
 I - a scroll of acquirement {unknown}
 K - a scroll of summoning {unknown}
Potions
 b - 3 potions of lignification
 h - a potion of mutation {unknown}
 n - 4 potions of heal wounds
 p - 2 potions of flight {unknown}
 t - 2 potions of curing {unknown}
 u - 2 potions of brilliance {unknown}
 w - 3 potions of haste
 x - a potion of magic {unknown}
 z - a potion of ambrosia {unknown}
 H - a potion of attraction {unknown}
 O - 2 potions of cancellation {unknown}
 P - 2 potions of berserk rage {unknown}


   Skills:
 + Level 8.6 Fighting
 - Level 3.0 Dodging
 + Level 10.4 Unarmed Combat
 + Level 6.6 Spellcasting
 + Level 2.0 Conjurations
 + Level 7.3 Transmutations
 - Level 3.0 Ice Magic
 - Level 2.0 Poison Magic
 + Level 5.6 Invocations


You had 10 spell levels left.
You knew the following spells:

 Your Spells              Type           Power      Damage    Failure   Level
a - Beastly Appendage     Tmut           64%        N/A       1%          1
b - Spider Form           Tmut/Pois      22%        N/A       1%          3
c - Ice Form              Ice/Tmut       24%        N/A       5%          4
d - Irradiate             Conj/Tmut      11%        3d15      17%         5

Your spell library contained the following spells:

 Spells                   Type           Power      Damage    Failure   Level
 Wereblood                Tmut           32%        N/A       1%          2
 Necrotise                Necr           20%        1d5       4%          1
 Slow                     Hex            20%        N/A       4%          1
 Static Discharge         Conj/Air       18%        2-3/arc   4%          2
 Sublimation of Blood     Necr           5%         N/A       7%          2
 Petrify                  Tmut/Erth      19%        N/A       10%         4
 Confusing Touch          Hex            5%         N/A       14%         3
 Inner Flame              Hex/Fire       5%         N/A       14%         3
 Vampiric Draining        Necr           5%         2d6       14%         3
 Airstrike                Air            2%         2d(1-17)  41%         4
 Agony                    Necr           5%         N/A       75%         5
 Silence                  Hex/Air        2%         N/A       75%         5
 Summon Lightning Spire   Summ/Air       Unusable   N/A       N/A         4

Dungeon Overview and Level Annotations

Branches:
Dungeon (9/15)             Temple (1/1) D:7
   Lair: D:8-11         Orc: D:9-12

Altars:
Ashenzari
Cheibriados
Dithmenos
Elyvilon
Fedhas
Gozag
Hepliaklqana
Kikubaaqudgha
Makhleb
Nemelex Xobeh
Okawaru
Qazlal
Ru
Sif Muna
Trog
Uskayaw
Vehumet
Wu Jian
Xom
Yredelemnul
Zin
The Shining One

Shops:
D:8 *

Annotations:
D:6 3 runed translucent doors, exclusion: 3 doors, Perinia's ghost, novice HuFi
D:8 exclusion: 2 electric eels
D:9 1 runed translucent door, exclusion: door, bzaaaaa's ghost, novice DEEE


Innate Abilities, Weirdness & Mutations

You are a creature of crystalline ice.
You have a powerful freezing melee attack.
You are amphibious.
Your maximum health is increased.
Your armour is entirely melded.
You are incapable of wielding weapons or throwing items.
You are too large for most types of armour.
((You have tough skin. (AC +1)))


Message History

The centaur warrior is severely wounded.
The centaur warrior hits you.
* * * LOW HITPOINT WARNING * * *
The centaur warrior kicks you.
* * * LOW HITPOINT WARNING * * *
You punch the centaur warrior! You freeze the centaur warrior.
You kill the centaur warrior!
Okawaru is honoured by your kill.
The centaur warrior shoots an arrow.
The arrow hits you!
* * * LOW HITPOINT WARNING * * *
Your Conjurations skill increases to level 2!
The centaur warrior unwields a +0 shortbow.
The centaur warrior hits you but does no damage.
The centaur warrior kicks you but does no damage.
There is an open door, spattered with blood here.
Things that are here:
a +0 shortbow; 12 gold pieces; a centaur corpse You punch the centaur warrior!
You freeze the centaur warrior.
The centaur warrior is moderately wounded.
The centaur warrior hits you!
* * * LOW HITPOINT WARNING * * *
The centaur warrior kicks you.
* * * LOW HITPOINT WARNING * * *
You pummel the centaur warrior!! You freeze the centaur warrior!
The centaur warrior is severely wounded.
The centaur warrior hits you!
* * * LOW HITPOINT WARNING * * *
The centaur warrior kicks you.
* * * LOW HITPOINT WARNING * * *
You barely miss the centaur warrior.
The centaur warrior is severely wounded.
The centaur warrior hits you but does no damage.
The centaur warrior kicks you.
* * * LOW HITPOINT WARNING * * *
The centaur warrior misses you.
The centaur warrior kicks you but does no damage.
You hit the centaur warrior. You freeze the centaur warrior.
The centaur warrior is severely wounded.
The centaur warrior hits you!
You die...

######## ##################..
####......####..........#.....'..
.).'......'..#....<.....'.#####..
####......##.#...>......### #.. #
#....................# #..
#......#######.......# #..
##'###.#.....#.####### ###
#..[#.#.....#.# #####
###...#.._..Yc# ##....
#########.#.....#.# #.....
#.........#.....#.## ######...9.
#.........#######..####.)....§≈..
........................##.#.~§_~
#...........###...########...~§§§
#...............#.#### ###.....
#...........#####./.[# #.....
#...........### ####.# ##.###


You could see a centaur warrior.

Vanquished Creatures
  A fire dragon (D:9)
  A hydra (D:9)
  A boulder beetle (D:9)
  A centaur warrior (D:9)
  Amaemon (D:7)
  Pikel (D:7)
  Joseph (D:7)
  Psyche (D:8)
  An orange demon (D:8)
  Grinder (D:4)
  A hornet (D:7)
  Sigmund (D:4)
  6 yaks
  Eustachio (D:4)
  3 vampire mosquitoes (D:7)
  2 steam dragons
  Edmund (D:5)
  2 water moccasins (D:5)
  An orc warrior (D:7)
  3 ice beasts
  A centaur (D:9)
  2 phantoms (D:6)
  A kobold brigand (D:7)
  4 bullfrogs
  A scorpion (D:4)
  5 wights (D:8)
  3 killer bees (D:9)
  3 howler monkeys
  6 electric eels (D:5)
  2 lava snakes (D:8)
  2 orc priests (D:8)
  2 hounds
  3 gnoll boudas
  5 jellies
  A sleepcap (D:6)
  4 iguanas
  4 orc wizards
  15 gnolls
  8 adders
  2 white imps
  2 ufetubi (D:5)
  A worm (D:4)
  4 dart slugs
  18 orcs
  9 ball pythons
  5 bats
  12 endoplasms
  3 giant cockroaches
  8 hobgoblins
  10 jackals
  11 kobolds
  7 quokkas
  2 frilled lizards
  5 goblins
  6 rats
208 creatures vanquished.

Notes
Turn   | Place    | Note
-------+----------+-------------------------------------------
     0 | D:1      | oldmanjim the Ogre Transmuter began the quest for the Orb.
     0 | D:1      | Reached XP level 1. HP: 19/19 MP: 3/3
   200 | D:1      | Reached XP level 2. HP: 27/27 MP: 3/5
   694 | D:1      | Reached XP level 3. HP: 33/33 MP: 7/7
  1218 | D:2      | Learned a level 3 spell: Spider Form
  1758 | D:3      | Reached XP level 4. HP: 39/41 MP: 7/9
  2073 | D:3      | Reached skill level 1 in Poison Magic
  2911 | D:3      | Reached skill level 3 in Unarmed Combat
  2920 | D:3      | Found a faded altar of an unknown god.
  3049 | D:4      | Noticed Grinder
  3064 | D:4      | Killed Grinder
  3065 | D:4      | Reached XP level 5. HP: 6/48 MP: 7/11
  3065 | D:4      | Reached XP level 6. HP: 7/55 MP: 7/12
  3243 | D:4      | Learned a level 4 spell: Ice Form
  3742 | D:4      | Noticed Eustachio
  3756 | D:4      | Killed Eustachio
  3757 | D:4      | Reached skill level 4 in Unarmed Combat
  3757 | D:4      | Reached XP level 7. HP: 65/67 MP: 10/13
  3822 | D:4      | Found a sparkling altar of Nemelex Xobeh.
  4169 | D:4      | Noticed Sigmund
  4204 | D:4      | Killed Sigmund
  4205 | D:4      | Reached skill level 5 in Unarmed Combat
  4205 | D:4      | Reached skill level 5 in Transmutations
  4585 | D:5      | Entered Level 5 of the Dungeon
  4612 | D:5      | Found an iron altar of Okawaru.
  4615 | D:5      | Noticed Edmund
  4642 | D:5      | Killed Edmund
  4643 | D:5      | Reached XP level 8. HP: 40/78 MP: 9/14
  4774 | D:5      | Became a worshipper of Warmaster Okawaru
  4954 | D:5      | Reached skill level 1 in Ice Magic
  5432 | D:5      | Reached skill level 5 in Fighting
  5535 | D:5      | Noticed a yak
  5545 | D:5      | Killed a yak
  5545 | D:5      | Reached * piety under Okawaru
  6437 | D:6      | Reached skill level 1 in Invocations
  6485 | D:6      | Reached XP level 9. HP: 88/88 MP: 9/15
  6494 | D:6      | Reached skill level 6 in Unarmed Combat
  6668 | D:6      | Found a broken altar of Ashenzari.
  6799 | D:6      | Found a runed translucent gate.
  6799 | D:6      | Found a runed translucent gate.
  6799 | D:6      | Found an opulent altar of Gozag.
  6800 | D:6      | Found a runed translucent gate.
  6800 | D:6      | Noticed Perinia's ghost (novice HuFi)
  7163 | D:7      | Found a staircase to the Ecumenical Temple.
  7187 | D:7      | Reached skill level 5 in Spellcasting
  7345 | Temple   | Entered the Ecumenical Temple
  7412 | D:7      | Noticed a hornet
  7417 | D:7      | Paralysed by a hornet for 3 turns
  7423 | D:7      | Killed a hornet
  7423 | D:7      | Reached ** piety under Okawaru
  7785 | D:7      | Noticed Pikel
  7790 | D:7      | Killed Pikel
  7791 | D:7      | Reached skill level 7 in Unarmed Combat
  7924 | D:7      | Reached skill level 5 in Invocations
  8407 | D:7      | Found a shimmering blue altar of Sif Muna.
  8408 | D:7      | Found a burning altar of Makhleb.
  8532 | D:7      | Reached *** piety under Okawaru
  8533 | D:7      | Reached XP level 10. HP: 44/98 MP: 5/17
  8805 | D:7      | Reached skill level 8 in Unarmed Combat
  9098 | D:8      | Found Hyemur's Assorted Antiques.
  9252 | D:8      | Noticed Psyche
  9252 | D:8      | Noticed Joseph
  9263 | D:7      | Killed Joseph
  9263 | D:7      | Reached **** piety under Okawaru
  9265 | D:7      | HP: 2/120 [steam dragon/ball of steam (11)]
  9551 | D:8      | Killed Psyche
 10241 | D:8      | Noticed Amaemon
 10242 | D:8      | Noticed an orange demon
 10321 | D:7      | Killed Amaemon
 10322 | D:7      | Reached skill level 9 in Unarmed Combat
 10498 | D:8      | Killed an orange demon
 10549 | D:8      | Got the Commentary on Cunning Cinders
 10583 | D:8      | Reached ***** piety under Okawaru
 10588 | D:8      | Reached XP level 11. HP: 62/107 MP: 8/20
 10855 | D:8      | Reached skill level 10 in Unarmed Combat
 10963 | D:8      | Bought a scroll of identify for 46 gold pieces
 11224 | D:9      | Found a runed translucent door.
 11224 | D:9      | Noticed bzaaaaa's ghost (novice DEEE)
 11348 | D:9      | Found a glowing golden altar of the Shining One.
 11374 | D:9      | Learned a level 5 spell: Irradiate
 11413 | D:9      | Found a stormy altar of Qazlal.
 11477 | D:9      | Noticed a fire dragon
 11536 | D:9      | Killed a fire dragon
 11536 | D:9      | Identified the +1 robe "Pitearuz" {rElec Will- Stlth+}
                  | (Okawaru gifted it to you on level 9 of the Dungeon)
 11536 | D:9      | Received a gift from Okawaru
 11537 | D:9      | Reached skill level 1 in Conjurations
 11865 | D:9      | Noticed a boulder beetle
 11884 | D:9      | Killed a boulder beetle
 12134 | D:9      | Noticed a five-headed hydra
 12143 | D:9      | Killed a five-headed hydra
 12161 | D:9      | Noticed a centaur warrior
 12169 | D:9      | Noticed a centaur warrior
 12182 | D:9      | Killed a centaur warrior
 12185 | D:9      | HP: 5/135 [centaur warrior (4)]
 12187 | D:9      | Slain by a centaur warrior

Illustrated notes

Levels and vault maps discovered:
D:1:      roderic_chinese_lattice_arrival, layout_loops_ring
D:2:      layout_basic
D:3:      layout_basic, shapermc_ecumenical_altar_petra, minivault_19
D:4:      layout_gridville, kennysheep_little_box, solitary_fountain,
          supply_closet_lemuel, uniq_grinder, uniq_eustachio, uniq_sigmund
D:5:      cheibrodos_two_vegetables, layout_loops_ring,
          mainiacjoe_overflow_paths, uniq_edmund
D:6:      layout_rooms, nicolae_ashenzari_skybound, ebering_ghost_gozag,
          chequers_serial_rivers_micro_b
D:7:      layout_basic, chequers_temple_overflow_statue_of_worship,
          minmay_temple_entry_tees, uniq_pikel
D:8:      layout_cave_pools, minivault_26, nrook_pool_corridor,
          nicolae_inconvenience_store, uniq_amaemon, uniq_psyche, uniq_joseph
D:9:      layout_roguey, nicolae_qazlal_scattered_showers,
          amcnicky_altar_gilded, hellmonk_ghost_big_iron, minivault_28
Temple:   nicolae_temple_no_exploring_needed

Skill      XL: |  1  2  3  4  5  6  7  8  9 10 11 |
---------------+----------------------------------+-----
Transmutations | 2 4 5 6 7 |  7.3
Spellcasting   | 3 4 5 6 |  6.6
Poison Magic   | 2 |  2.0
Unarmed Combat | 3 4 5 7 9 10 | 10.4
Fighting       | 3 4 5 6 8 |  8.6
Dodging        | 2 3 |  3.0
Ice Magic      | 2 3 |  3.0
Invocations    | 1 5 |  5.6
Conjurations   | 2 |  2.0

Action                     |  1- 3 |  4- 6 |  7- 9 | 10-12 || total
---------------------------+-------+-------+-------+-------++-------
  Melee: Unarmed           |   108 |   127 |   230 |   150 ||   615
         Headbutt          |    18 |    10 |       |       ||    28
         Kick              |    25 |    19 |       |       ||    44
         Punch             |     1 |       |     2 |       ||     3
  Throw: Boomerang         |       |       |     4 |       ||     4
         Dart              |       |       |       |     1 ||     1
   Cast: Beastly Appendage |    28 |    18 |       |       ||    46
         Spider Form       |       |     8 |    14 |     1 ||    23
         Ice Form          |       |       |    27 |    19 ||    46
  Evoke: Wand              |       |       |       |    12 ||    12
    Use: Scroll            |     3 |       |     3 |     4 ||    10
         Potion            |       |       |       |     1 ||     1
   Stab: Sleeping          |     2 |       |       |       ||     2
         Invisible         |       |       |       |     2 ||     2
 Armour: Robe              |    39 |    22 |     4 |     2 ||    67
         Skin              |       |     1 |    41 |    73 ||   115
  Dodge: Dodged            |    51 |    89 |   129 |   117 ||   386
